cohdb
Replays
Latest Replays
All Replays
Popular Replays
Top Player Replays
Match Explorer
How It Works
Community
CoH3 Stats
Reddit
Sign in to upload your games and track your stats! →
Sign in with Steam
Match 25714264
Unlisted
Match 25714264
Overview
Messages
Build Orders
End
Construct Section Command Post
Vickers Machine Gun Team
Infantry Section
Selects Indian Artillery Battlegroup
Infantry Section
Infantry Section
Selects Towed ML 4.2-inch Heavy Mortar
Towed ML 4.2-inch Heavy Mortar
Construct Platoon Command Post
Infantry Training
Unlock M3 Stuart Light Tanks
Selects Valour
M3 Stuart Light Tank
Selects Gurkha Rifles Section
Grenade Package
Selects Off-map Airburst Barrage
Off-map Airburst Barrage
M3 Stuart Light Tank
Team Weapon Training
Off-map Airburst Barrage
6-pounder Anti-tank Gun Team
Toast
CaptainFireBall
ChuaMC
TidaL
Payne(CN)
Rohrschacht
AquaFerret
g_G
0
0
Comments
sign in to comment!
No comments posted yet!